Map: Romanticide LE

Players

A.I. 1 (Very Easy)

  • Race: Protoss Protoss
  • Spawn Location: 11:00

Drift - Winner!

  • Race: Terran Terran
  • League: Master
  • Spawn Location: 5:00

VOD

https://www.youtube.com/watch?v=GBp-Y53LaNQ

Description

Time

  • Played on: Dec. 15, 2020, 10:49 a.m.
  • Length: 10:53
Show
View Real Time Build Order
Export as new Build Order

A.I. 1 (Very Easy) Protoss 

Build Orders:  

Get SALT Encoding   

  12  0:00  Probe  
  13  0:13  Probe  
  14  0:19  Pylon  
  14  0:36  Assimilator  
  14  0:43  Gateway  
  14  0:48  Pylon  
  14  1:14  Assimilator  
  14  1:16  Probe  
  14  1:24  Probe  
  15  1:32  Probe  
  16  1:34  Cybernetics Core  
  17  1:43  Probe  
  18  1:55  Probe  
  18  2:00  Warp Gate  
  19  2:03  Probe  
  20  2:10  Stalker  
  21  3:56  Probe  
  22  5:27  Zealot  
  24  5:29  Probe  
  24  5:31  Pylon  
  24  5:34  Robotics Facility  
  25  5:40  Probe  
  26  5:48  Probe  
  26  5:56  Probe  
  28  6:04  Pylon  
  28  6:07  Probe  
  26  6:19  Probe  
  26  6:21  Zealot  
  26  6:23  Observer  
  30  6:31  Probe  
  31  6:45  Observer  
  32  7:07  Nexus  
  32  7:15  Stalker  
  34  8:18  Probe  
  34  8:25  Probe  
  35  8:31  Probe, Assimilator  
  36  8:34  Assimilator  
  36  8:38  Probe  
  38  8:49  Probe  
  38  8:50  Stalker  
  41  8:56  Probe  
  40  9:03  Probe  
  36  9:15  Pylon, Probe  
  35  9:19  Zealot  
  27  9:25  Probe  
  26  9:33  Probe  
  26  9:42  Probe  
  28  9:54  Probe  
  28  9:56  Pylon  
  28  10:06  Probe  
  22  10:16  Pylon, Zealot  
  22  10:18  Cybernetics Core, Probe  
  22  10:28  Probe  
Show
View Real Time Build Order
Export as new Build Order

Drift Terran - Winner!

Build Orders: Reaper Expand, Mech 

Get SALT Encoding   

  12  0:00  SCV  
  13  0:12  SCV  
  14  0:17  Supply Depot  
  14  0:24  SCV  
  15  0:38  SCV  
  15  0:40  Barracks  
  16  0:44  Refinery  
  16  0:51  SCV  
  17  1:03  SCV  
  18  1:15  SCV  
  19  1:28  Orbital Command, Reaper  
  20  1:40  Command Center  
  20  1:54  SCV  
  20  1:55  Supply Depot  
  20  2:00  Barracks Reactor  
  21  2:06  SCV  
  22  2:11  Refinery  
  22  2:18  SCV  
  23  2:22  Factory  
  23  2:24  Bunker  
  23  2:31  SCV  
  23  2:36  Marine x2  
  26  2:43  SCV  
  27  2:52  Orbital Command  
  27  2:54  Marine x2  
  27  2:57  SCV  
  30  3:08  Starport  
  30  3:09  SCV, Hellion  
  33  3:14  Marine  
  33  3:15  Marine  
  33  3:19  SCV  
  36  3:22  SCV  
  36  3:25  Supply Depot  
  37  3:31  SCV  
  37  3:32  Factory Tech Lab, Marine  
  37  3:33  Marine  
  40  3:35  SCV  
  41  3:43  SCV  
  41  3:48  Supply Depot  
  42  3:50  SCV  
  43  3:56  Raven  
  43  3:58  SCV  
  43  4:00  Factory Tech Lab  
  43  4:02  SCV  
  47  4:05  Command Center  
  47  4:09  Marine  
  48  4:10  SCV, Marine  
  48  4:15  Supply Depot  
  48  4:16  SCV  
  51  4:19  Siege Tank  
  51  4:22  SCV  
  55  4:27  Refinery  
  55  4:28  SCV  
  55  4:30  Refinery  
  56  4:33  Marine  
  56  4:34  SCV, Marine  
  59  4:40  SCV  
  59  4:41  Banshee, Supply Depot  
  59  4:44  Cloaking Field  
  63  4:46  SCV  
  63  4:52  SCV  
  65  4:55  Siege Tank  
  65  4:58  SCV  
  69  5:03  Supply Depot  
  69  5:04  SCV  
  70  5:10  SCV  
  70  5:11  Marine  
  70  5:12  Marine  
  73  5:16  SCV  
  73  5:19  Orbital Command, Factory  
  74  5:21  Factory  
  74  5:22  SCV  
  74  5:24  Banshee  
  78  5:30  Supply Depot  
  78  5:36  SCV x2  
  78  5:40  Siege Tank  
  83  5:46  Orbital Command  
  83  5:48  SCV  
  83  5:49  Barracks Tech Lab  
  84  5:51  Engineering Bay  
  84  5:54  SCV  
  85  6:00  SCV, Refinery  
  85  6:03  Supply Depot, Refinery  
  86  6:04  Supply Depot  
  86  6:16  Siege Tank, Banshee  
  86  6:17  SCV x2, Hyperflight Rotors  
  86  6:18  SCV  
  95  6:22  Hellion  
  95  6:23  Hellion x2  
  101  6:29  SCV x2  
  101  6:30  Supply Depot  
  101  6:31  SCV  
  104  6:33  Supply Depot  
  104  6:41  SCV x2  
  104  6:44  Hellion  
  108  6:48  Missile Turret  
  108  6:49  Missile Turret  
  108  6:50  Siege Tank x2  
  108  6:51  Missile Turret  
  108  6:53  SCV  
  115  6:55  Armory x2, SCV x2  
  115  7:00  Banshee  
  120  7:05  SCV  
  120  7:07  SCV  
  122  7:12  Hellion x2  
  122  7:13  SCV  
  122  7:14  Supply Depot  
  127  7:16  Supply Depot  
  127  7:17  SCV  
  127  7:19  SCV  
  127  7:22  Factory  
  129  7:23  Factory  
  129  7:25  SCV  
  129  7:27  Siege Tank  
  129  7:28  Siege Tank  
  129  7:29  SCV  
  137  7:31  SCV  
  138  7:38  Hellion x2, Supply Depot  
  138  7:39  Infernal Pre-Igniter  
  138  7:40  Supply Depot  
  142  7:45  Banshee  
  142  7:47  Terran Vehicle Weapons Level 1  
  142  7:48  Terran Vehicle And Ship Armor Level 1  
  148  7:56  SCV x2  
  148  7:58  Command Center, SCV  
  148  8:01  Supply Depot  
  148  8:04  Supply Depot  
  148  8:06  Siege Tank  
  148  8:07  Factory Tech Lab x2  
  148  8:08  SCV  
  148  8:09  Siege Tank  
  155  8:15  Hellion x2  
  159  8:23  Factory  
  159  8:27  Factory  
  159  8:29  Cyclone  
  159  8:32  Factory  
  162  8:38  Cyclone, Hellion x2  
  162  8:39  Hellion  
  171  8:45  Missile Turret  
  171  8:47  Supply Depot  
  171  8:48  Missile Turret  
  171  8:51  Cyclone, Supply Depot  
  174  8:56  Mag-Field Accelerator  
  174  9:00  Cyclone, Hellion x2  
  181  9:05  Command Center, Cyclone  
  181  9:08  Factory Tech Lab  
  184  9:11  Hellion  
  186  9:18  Factory Tech Lab  
  186  9:21  Hellion  
  186  9:23  Cyclone, Hellion  
  186  9:24  Factory Reactor  
  193  9:32  Hellion, Cyclone  
  193  9:35  Sensor Tower  
  193  9:37  Hellion  
  200  9:45  Refinery  
  200  9:54  Sensor Tower  
  200  9:55  Refinery  
  200  10:10  Command Center  
  200  10:13  Starport  
  200  10:16  Fusion Core  
  200  10:18  Starport  
  200  10:22  Orbital Command  
  200  10:28  Command Center x2  
Tags
 
Composition
Mech
League
Master
Matchup
PvT
Spawn Locations
Cross Positions
Add a new tag
Caveats
  • Supply blocks, unpowered buildings, or Contaminate may cause inaccurate times.
  • Supply counts are checked every 10 seconds.